 Dungeon Crawl Stone Soup version 0.27.1-1-g398f81649c (webtiles) character file.

Game seed: 13740183215051365748

54 obito the Skirmisher (level 3, -4/33 HPs)
             Began as a Hill Orc Fighter on Sept 13, 2021.
             Slain by a scorpion (7 damage)
             ... on level 3 of the Dungeon.
             The game lasted 00:10:08 (2094 turns).

obito the Skirmisher (Hill Orc Fighter)             Turns: 2094, Time: 00:10:08

Health: -4/33      AC:  6    Str: 19    XL:     3   Next: 91%
Magic:  3/3        EV:  7    Int:  8    God:
Gold:   30         SH:  9    Dex: 10    Spells: 2/2 levels left

rFire    . . .     SeeInvis .   a - +0 war axe
rCold    . . .     Faith    .   c - +0 kite shield
rNeg     . . .     Spirit   .   b - +0 scale mail
rPois    .         Reflect  .   (no helmet)
rElec    .         Harm     .   (no cloak)
rCorr    .         Rampage  .   (no gloves)
Will     .....                  (no boots)
Stlth    ..........             (no amulet)
HPRegen  0.11/turn              (no ring)
MPRegen  0.08/turn              (no ring)

@: no status effects
A: no striking features
a: no special abilities


You were on level 3 of the Dungeon.
You visited 1 branch of the dungeon, and saw 3 of its levels.

You collected 30 gold pieces.

Inventory:

Hand Weapons
 a - a +0 war axe (weapon)
Armour
 b - a +0 scale mail (worn)
 c - a +0 kite shield (worn)
Scrolls
 j - a scroll of fog {unknown}
 k - a scroll of identify
Potions
 d - a potion of might
 e - a potion of lignification {unknown}
 f - a potion of mutation {unknown}
 g - a potion of ambrosia {unknown}
 h - a potion of curing
 i - a potion of heal wounds {unknown}


   Skills:
 + Level 4.1 Fighting
 + Level 3.7 Axes
 + Level 3.6 Armour
 + Level 0.2 Dodging
 + Level 4.0 Shields


You had 2 spell levels left.
You didn't know any spells.
Your spell library contained the following spells:

 Spells                   Type           Power      Damage    Failure   Level
 Animate Skeleton         Necr           0%         N/A       99%         1
 Apportation              Tloc           0%         N/A       99%         1
 Corona                   Hex            0%         N/A       99%         1
 Summon Small Mammal      Summ           0%         N/A       99%         1


Dungeon Overview and Level Annotations

Branches:
Dungeon (3/15)

Altars:
Trog

Shops:
D:2 =


Message History

The adder is severely wounded.
You barely miss the scorpion. The adder bites you but does no damage.
You block the scorpion's attack. The adder bites you but does no damage.
The scorpion stings you.
You closely miss the adder.
The adder is severely wounded.
You hit the scorpion. The adder barely misses you. The scorpion stings you.
You are poisoned.
The scorpion poisons you! You block the adder's attack.
You miss the adder.
The adder is severely wounded.
You closely miss the scorpion.
You feel very sick. The scorpion barely misses you. The adder bites you.
* * * LOW HITPOINT WARNING * * *
The scorpion stings you.
* * * LOW HITPOINT WARNING * * *
You are more poisoned.
The scorpion poisons you! The adder bites you but does no damage.
You feel better. The scorpion barely misses you. The adder barely misses you.
You block the adder's attack.
The scorpion stings you but does no damage.
The adder bites you.
* * * LOW HITPOINT WARNING * * *
The scorpion stings you.
* * * LOW HITPOINT WARNING * * *
The adder bites you but does no damage.
There is a stone staircase leading up here.
You block the scorpion's attack. The adder bites you but does no damage.
You climb upwards.
There is a stone staircase leading down here.
You block the scorpion's attack. You block the adder's attack.
You climb downwards.
There is a stone staircase leading up here.
The adder bites you.
* * * LOW HITPOINT WARNING * * *
The scorpion stings you.
* * * LOW HITPOINT WARNING * * *
The adder bites you but does no damage. The scorpion stings you!
You die...

#......# #.)......
#......# ###......
#......# #......
#......# #......
#......####### ###.#.#
#............####..#..
#......#####..........
#.....S#### ##..##...
##...@<...# #.##..†.
#...s.....####.#.....
#...............[....
#........#####.#.....
##.<.##### #.#.....
#...# #..... #....
....... #...##
#...#... .........


You could see a scorpion and an adder.

Vanquished Creatures
  An adder (D:3)
  A dart slug (D:3)
  An orc (D:3)
  2 endoplasms
  A giant cockroach (D:1)
  6 goblins
  2 hobgoblins
  3 jackals (D:1)
  4 kobolds
  2 quokkas
  4 ball pythons (D:1)
  6 bats
  2 frilled lizards (D:1)
  4 rats (D:1)
39 creatures vanquished.

Notes
Turn   | Place    | Note
-------+----------+-------------------------------------------
     0 | D:1      | obito the Hill Orc Fighter began the quest for the Orb.
     0 | D:1      | Reached XP level 1. HP: 19/19 MP: 1/1
   183 | D:1      | Reached XP level 2. HP: 27/27 MP: 2/2
   649 | D:1      | Reached XP level 3. HP: 28/33 MP: 3/3
   715 | D:1      | Found a faded altar of an unknown god.
  1157 | D:2      | Found a bloodstained altar of Trog.
  1505 | D:2      | Found Veocisma's Jewellery Shop.
  2041 | D:3      | Noticed a scorpion
  2094 | D:3      | Slain by a scorpion

Illustrated notes

Levels and vault maps discovered:
D:1:      dpeg_arrival_long_road, layout_basic, shapermc_ecumenical_altar_petra
D:2:      layout_basic, serial_shops, shop, basic_altar
D:3:      layout_rooms

Skill      XL: |  1  2  3 |
---------------+----------+-----
Axes           | 3 |  3.7
Fighting       | 4 |  4.1
Shields        | 4 |  4.0
Armour         | |  3.6
Dodging        | |  0.2

Action                   || total
-------------------------++-------
Melee: War axe           ||   111
  Use: Scroll            ||     3
       Potion            ||     2
Armor: Scale mail        ||    71
Dodge: Dodged            ||    45
Block: Kite shield       ||    61
